 Dungeon Crawl Stone Soup version 0.30.0-5-g1a98f26d00 (webtiles) character file.

Game seed: 12325817161386500135

758 qeuew the Ruffian (level 7, 0/102 HPs)
             Began as a Troll Fighter on May 9, 2023.
             Slain by an orc
             ... wielding a +0 mace
              (6 damage)
             ... on level 5 of the Dungeon.
             The game lasted 00:04:35 (2964 turns).

qeuew the Ruffian (Troll Fighter)                   Turns: 2964, Time: 00:04:36

Health: 0/102      AC:  8    Str: 31    XL:     7   Next: 50%
Magic:  6/6        EV: 10    Int:  2    God:
Gold:   246        SH:  8    Dex: 11    Spells: 6/6 levels left

rFire   . .          .
                       - Unarmed
rCold   + + +        b - +0 kite shield
rNeg    . . .        a - +0 robe
rPois   .            (helmet restricted)
rElec   .            (no cloak)
rCorr   .            (gloves unavailable)
SInv    +            (boots unavailable)
Will    .....        (no amulet) Stlth
                     i - +6 ring of strength
HPRegen 1.17/turn    e - ring "Ceirch" {Contam rC+++ AC+4 Int-2 SInv}
MPRegen 0.10/turn

%: no passive effects
@: berserking (expiring), lethally poisoned (0 -> 0), very quick
A: large, unfitting armour, claws 3, regeneration 1, shaggy fur 1, tough skin 1
a: no special abilities


You were on level 5 of the Dungeon.
You visited 2 branches of the dungeon, and saw 6 of its levels.

You collected 246 gold pieces.

Inventory:

Armour
 a - a +0 robe (worn)
 b - a +0 kite shield (worn)
Jewellery
 e - the ring "Ceirch" (right claw) {Contam rC+++ AC+4 Int-2 SInv}
   (You acquired it on level 2 of the Dungeon)

   [ring of protection]

   AC:        It affects your AC (+4).
   Int:       It affects your intelligence (-2).
   rC:        It renders you almost immune to cold.
   SInv:      It lets you see invisible.
   Contam:    It causes magical contamination when unequipped.
 i - a +6 ring of strength (left claw)
Wands
 n - a wand of digging (3)
 o - a wand of paralysis (8)
Scrolls
 g - a scroll of teleportation
 h - a scroll of magic mapping
 m - a scroll of acquirement
Potions
 c - a potion of might
 d - 2 potions of curing
 f - 2 potions of magic


   Skills:
 + Level 3.9 Fighting
 + Level 4.0 Dodging
 + Level 4.2 Shields
 * Level 5.6 Unarmed Combat


You had 6 spell levels left.
You didn't know any spells.
Your spell library contained the following spells:

 Spells                   Type           Power      Damage    Failure   Level
 Sting                    Tmut/Pois      0%         1d3       75%         1
 Blink                    Tloc           0%         N/A       87%         2
 Lesser Beckoning         Tloc           0%         N/A       87%         2
 Momentum Strike          Conj/Tloc      0%         3d8       87%         2
 Poisonous Vapours        Pois/Air       0%         N/A       87%         2
 Mephitic Cloud           Conj/Pois/Air  0%         N/A       98%         3
 Ozocubu's Armour         Ice            0%         N/A       98%         3
 Olgreb's Toxic Radiance  Pois           0%         N/A       100%        4
 Freezing Cloud           Conj/Ice/Air   0%         6-21      100%        5
 Metabolic Englaciation   Hex/Ice        0%         N/A       100%        5
 Simulacrum               Ice/Necr       0%         N/A       100%        6


Dungeon Overview and Level Annotations

Branches:
Dungeon (5/15)             Temple (1/1) D:4

Altars:
Ashenzari
Cheibriados
Hepliaklqana
Kikubaaqudgha
Makhleb
Nemelex Xobeh
Qazlal
Ru
Trog
Vehumet
Wu Jian
Xom
Yredelemnul
Zin
The Shining One

Shops:
D:1 ?   D:2 *


Innate Abilities, Weirdness & Mutations

You are too large for most types of armour.
You have claws for hands.
Your natural rate of healing is unusually fast.
You are covered in fur. (AC +1)
You have tough skin. (AC +1)


Message History

* * * LOW HITPOINT WARNING * * *
You block the orc wizard's attack. The adder bites you but does no damage.
You claw the adder!
You kill the adder!
You feel sick. The orc closely misses you.
The orc hits you from afar with a +0 trident.
* * * LOW HITPOINT WARNING * * *
The orc hits you but does no damage.
The orc wizard gestures at you while chanting.
The magic dart hits you!
* * * LOW HITPOINT WARNING * * *
You block the orc's attack.
Unknown command.
You barely miss the orc.
You feel sick.
Unknown command.
You mangle the orc!!
You kill the orc!
You feel sick.
The orc hits you from afar with a +0 trident.
* * * LOW HITPOINT WARNING * * *
The orc wizard hits you but does no damage.
The orc hits you but does no damage. You block the orc's attack.
You mangle the jelly!!
You kill the jelly!
The orc hits you from afar with a +0 trident.
* * * LOW HITPOINT WARNING * * *
The orc hits you but does no damage. You block the orc's attack.
The orc wizard hits you but does no damage.
Your life force feels restored.
Your Dodging skill increases to level 4!
Unknown command.
You closely miss the orc wizard.
The orc wizard is almost dead.
You feel sick.
Unknown command.
You barely miss the orc wizard.
The orc wizard is almost dead.
You feel sick. You block the orc's attack. The orc hits you but does no damage.
The orc hits you with a +0 mace.
You die...

## .. .# .#
##.#####.
##†o......
#o@o..#
.....oo..)......
.#.##.#.....#...
#.##.[....#. #
##.###... ## .#
#


You could see an orc wizard and 4 orcs.

Vanquished Creatures
  Sigmund (D:4)
  A steam dragon (D:4)
  A black bear (D:4)
  An ogre (D:3)
  A scorpion (D:3)
  2 jellies
  Ijyb (D:4)
  7 adders
  A worm (D:4)
  3 dart slugs
  8 orcs
  4 endoplasms
  4 giant cockroaches
  6 goblins
  5 hobgoblins
  9 jackals
  5 quokkas
  8 ball pythons
  A bat (D:1)
  3 frilled lizards
  11 kobolds
  3 rats
86 creatures vanquished.

Notes
Turn   | Place    | Note
-------+----------+-------------------------------------------
     0 | D:1      | qeuew the Troll Fighter began the quest for the Orb.
     0 | D:1      | Reached XP level 1. HP: 22/22 MP: 0/0
   220 | D:1      | Reached XP level 2. HP: 29/29 MP: 1/1
   476 | D:1      | Found Hagas's Magic Scroll Shoppe.
   937 | D:2      | Found Ilaak's Assorted Antiques.
  1095 | D:2      | Found a faded altar of an unknown god.
  1155 | D:2      | Reached XP level 3. HP: 36/36 MP: 2/2
  1428 | D:2      | Reached skill level 3 in Unarmed Combat
  1494 | D:2      | Identified a scroll of acquirement
  1494 | D:2      | Acquired the ring "Ceirch" {Contam rC+++ AC+4 Int-2 SInv}
  1564 | D:3      | Noticed a scorpion
  1572 | D:3      | Killed a scorpion
  1573 | D:3      | Reached XP level 4. HP: 34/44 MP: 3/3
  1631 | D:3      | Noticed an ogre
  1644 | D:3      | Killed an ogre
  1645 | D:3      | Reached XP level 5. HP: 37/53 MP: 4/4
  1651 | D:3      | Reached skill level 4 in Unarmed Combat
  1704 | D:3      | Found a shimmering altar of Xom.
  1704 | D:3      | Found a shimmering altar of Xom.
  1705 | D:3      | Found a shimmering altar of Xom.
  1707 | D:3      | Found a shimmering altar of Xom.
  1971 | D:3      | Found a basalt altar of Yredelemnul.
  2111 | D:4      | Reached XP level 6. HP: 60/61 MP: 5/5
  2359 | D:4      | Found the amulet of Elemental Vulnerability {rPois rF--
                  | rC-- AC+8}
  2361 | D:4      | Found a staircase to the Ecumenical Temple.
  2375 | Temple   | Entered the Ecumenical Temple
  2613 | D:4      | Noticed a steam dragon
  2623 | D:4      | Killed a steam dragon
  2624 | D:4      | Reached skill level 5 in Unarmed Combat
  2624 | D:4      | Reached XP level 7. HP: 16/67 MP: 6/6
  2673 | D:4      | Found a snail-covered altar of Cheibriados.
  2691 | D:4      | Noticed Sigmund
  2696 | D:4      | Killed Sigmund
  2721 | D:4      | Noticed Ijyb
  2725 | D:4      | Killed Ijyb
  2935 | D:5      | Entered Level 5 of the Dungeon
  2964 | D:5      | Slain by an orc

Illustrated notes

Levels and vault maps discovered:
D:1:      roderic_chinese_lattice_arrival, layout_basic, serial_shops,
          nicolae_lakefront_shop
D:2:      layout_loops_ring, hellmonk_ecumenical_altar_lost_god, serial_shops,
          shop_statue
D:3:      layout_basic, xom_redecorated, lemuel_doored_altar
D:4:      layout_cave_pools, kennysheep_slug_shrine, minmay_temple_entry_glass,
          serial_bayou_crossing, uniq_ijyb, uniq_sigmund
D:5:      layout_loops_ring, uniq_edmund, uniq_grinder
Temple:   nicolae_temple_slightly_damp_pantheon

Skill      XL: |  1  2  3  4  5  6  7 |
---------------+----------------------+-----
Shields        | 3 4 |  4.2
Unarmed Combat | 3 4 5 |  5.6
Dodging        | 3 4 |  4.0
Fighting       | 3 |  3.9

Action                     |  1- 3 |  4- 6 |  7- 9 || total
---------------------------+-------+-------+-------++-------
  Melee: Unarmed           |    90 |   107 |    32 ||   229
    Use: Scroll            |     6 |     2 |     2 ||    10
         Potion            |     3 |       |     3 ||     6
   Stab: Sleeping          |     2 |     1 |       ||     3
         Invisible         |     1 |       |       ||     1
 Armour: Robe              |    25 |    66 |    26 ||   117
  Dodge: Dodged            |    12 |    70 |    35 ||   117
  Block: Kite shield       |    29 |    63 |    26 ||   118
